 Dungeon Crawl Stone Soup version 0.28.0-45-g0d030f2227 (webtiles) character file.

Game seed: 13296575351556434312

8762 zeratav the Martial Artist (level 11, -5/90 HPs)
             Began as an Octopode Transmuter on Apr 10, 2022.
             Was a Priest of Sif Muna.
             Slain by a centaur warrior
             ... wielding a +5 demon trident of venom
              (18 damage)
             ... on level 9 of the Dungeon.
             The game lasted 00:57:43 (14596 turns).

zeratav the Martial Artist (Octopode Transmuter)   Turns: 14596, Time: 00:57:43

Health: -5/90      AC: 11    Str: 11    XL:     11   Next: 35%
Magic:  18/23      EV: 15    Int: 16    God:    Sif Muna [***...]
Gold:   560        SH:  0    Dex: 21    Spells: 5/14 levels left

rFire   x . .      SeeInvis .     - Unarmed
rCold   + + +      Faith    +   (shield currently unavailable)
rNeg    . . .      Spirit   .   (helmet currently unavailable)
rPois   +          Reflect  .   d - amulet of faith {!P}
rElec   .          Harm     .   l - +4 ring of protection
rCorr   .          Rampage  .   n - +4 ring of slaying
Will    .....                   y - ring of magical power
Stlth   +++.......              B - +6 ring of dexterity
HPRegen 0.25/turn               G - ring of flight
MPRegen 0.18/turn               (no ring)
                                (no ring)
                                (no ring)

@: ice-form, flying, hasted, very quick
A: freezing attack, boosted hp, almost no armour, amphibious, 8 rings, large,
(camouflage 1), (gelatinous body 1), (nimble swimmer 1), (tentacles)
a: End Transformation, Renounce Religion, Channel Magic, Forget Spell


You were on level 9 of the Dungeon.
You worshipped Sif Muna.
Sif Muna was most pleased with you.
You were a creature of crystalline ice.
You visited 2 branches of the dungeon, and saw 10 of its levels.
You also visited: Sewer and Ossuary.

You collected 560 gold pieces.


Innate Abilities, Weirdness & Mutations

You are a creature of crystalline ice.
You have a powerful freezing melee attack.
Your maximum health is increased.
Your armour is entirely melded.
You are incapable of wielding weapons or throwing items.
You cannot wear most types of armour.
You are amphibious.
You can wear up to eight rings at the same time.
((Your skin changes colour to match your surroundings (Stealth+).))
((Your rubbery body absorbs attacks. (AC +1, EV +1)))
((You are camouflaged when in or above water. (Stealth+)))
((You have tentacles for arms and can constrict up to eight enemies at once.))


   Skills:
 + Level 7.1 Fighting
 + Level 7.5 Dodging
 - Level 5.0 Stealth
 + Level 0.5 Shields
 * Level 10.8 Unarmed Combat
 - Level 2.0 Spellcasting
 - Level 1.6 Summonings
 + Level 6.4 Transmutations
 + Level 6.1 Ice Magic


You had 5 spell levels left.
You knew the following spells:

 Your Spells              Type           Power      Damage    Failure   Level
a - Ice Form              Ice/Tmut       21%        N/A       16%         4
b - Spider Form           Tmut/Pois      11%        N/A       17%         3
c - Summon Small Mammal   Summ           24%        N/A       11%         1
d - Beastly Appendage     Tmut           44%        N/A       1%          1

Your spell library contained the following spells:

 Spells                   Type           Power      Damage    Failure   Level
 Wereblood                Tmut           22%        N/A       2%          2
 Ozocubu's Armour         Ice            21%        N/A       4%          3
 Animate Skeleton         Necr           2%         N/A       21%         1
 Apportation              Tloc           2%         N/A       21%         1
 Blade Hands              Tmut           11%        N/A       38%         5
 Hailstorm                Conj/Ice       11%        3d5       52%         4
 Metabolic Englaciation   Hex/Ice        5%         N/A       86%         5
 Animate Dead             Necr           0%         N/A       90%         4
 Iron Shot                Conj/Erth      0%         9d1       100%        6
 Simulacrum               Ice/Necr       5%         N/A       100%        6
 Haunt                    Necr/Summ      2%         N/A       100%        7
 Infestation              Necr           0%         N/A       100%        8
 Animate Armour           Summ/Erth      Unusable   N/A       N/A         4

Inventory:

Hand Weapons
 N - the +7 flail of Duty (melded) {venom, +Blink, mace}
   (You found it on level 8 of the Dungeon)

   It poisons the flesh of those it strikes.
   +Blink:    It lets you blink.
Missiles
 r - 29 poisoned darts {throwing}
 w - 4 curare-tipped darts (quivered) {=fthrowing}
Armour
 q - a +2 hat (melded)
   (You found it on level 3 of the Dungeon)
 K - a +0 buckler (melded)
   (You took it off a tengu conjurer on level 9 of the Dungeon)
Magical Staves
 m - a staff of earth {staff}
   (You found it on level 3 of the Dungeon)
 L - a staff of cold {staff}
   (You found it on level 8 of the Dungeon)
Jewellery
 d - an amulet of faith (around neck) {!P}
   (You found it on level 1 of the Dungeon)
 l - a +4 ring of protection (left front paw)
   (You found it on level 3 of the Dungeon)
 n - a +4 ring of slaying (right front paw)
   (You found it on level 3 of the Dungeon)
 p - an amulet of guardian spirit
   (You found it on level 3 of the Dungeon)
 y - a ring of magical power (on tentacle)
   (You found it on level 4 of the Dungeon)
 B - a +6 ring of dexterity (on tentacle)
   (You found it on level 4 of the Dungeon)
 G - a ring of flight (on tentacle)
   (You found it on level 7 of the Dungeon)
Wands
 i - a wand of flame (30)
   (You found it on level 2 of the Dungeon)
 j - a wand of polymorph (3)
   (You took it off Natasha on level 2 of the Dungeon)
 M - a wand of mindburst (7)
   (You found it on level 8 of the Dungeon)
Scrolls
 c - 3 scrolls of amnesia
 e - a scroll of immolation {!r!r}
 g - 2 scrolls of enchant armour
 o - a scroll of enchant weapon
 s - 2 scrolls of vulnerability {!r!r}
 x - a scroll of magic mapping {!r}
 D - a scroll of torment {unknown}
 F - 2 scrolls of fear {unknown}
 I - 2 scrolls of summoning {unknown}
 J - 2 scrolls of fog {unknown}
Potions
 a - 2 potions of degeneration {unknown}
 b - 2 potions of brilliance {unknown}
 f - 4 potions of curing {@q1}
 h - a potion of haste {@q3}
 k - 4 potions of heal wounds {@q2}
 t - a potion of invisibility {unknown}
 u - 2 potions of resistance
 v - 4 potions of mutation {unknown}
 z - 2 potions of lignification {unknown}
 A - 3 potions of flight {unknown}
 C - a potion of ambrosia {unknown}
 E - a potion of attraction {unknown}
 H - 3 potions of might {unknown}

Dungeon Overview and Level Annotations

Branches:
Dungeon (9/15)             Temple (1/1) D:6             Orc (0/2) D:9
  Sewer (visited)         Ossuary (visited)
   Lair: D:8-11

Altars:
Ashenzari
Cheibriados
Dithmenos
Elyvilon
Fedhas
Hepliaklqana
Kikubaaqudgha
Makhleb
Nemelex Xobeh
Okawaru
Qazlal
Ru
Sif Muna
Trog
Uskayaw
Vehumet
Wu Jian
Xom
Yredelemnul
Zin
The Shining One

Annotations:
D:5 !slime room

..........#...## ##...♣P.♣..#
..............# #...♣P...####
........####...# #....)......##
........#.####...####.......##..)
........##.#.###.............####
........#.#.#.####....####.<..# #
........##.#.#.#.###...##.....#
>.......# #.#.#c#..###....#...#
........# #.#.#Y#...###...####
#.......# #c####.#.#.###...###
##.....# #.## #...#.##.###...#
#..# ###:|)###.##.##.###)# #..#
...#. #.#..#..#....# ##..# ## .
#..##.#.####.# ###...# ###..##
#..###...# ###.....# ##.
.###...### .##.....# #. ###...###


You could see a centaur warrior.


Message History

Your +2 hat unmelds from your body.
Your +0 buckler unmelds from your body.
The +7 flail of Duty {venom, +Blink, mace} begins to drip with poison!
HP[-15]
You now have 75 max hp (-15).
Items here: )) [[.
You see here a +0 mace {mace}.
w - 4 curare-tipped darts {=fthrowing} (gained 1)
Casting: Ice Form (dangerous; 22% risk of failure)
Confirm with . or Enter, or press ? or * to list all spells.
You miscast Spider Form.
You are very lightly contaminated with residual magic.
Nothing appears to happen.
The efreet gestures at you. The bolt of fire misses you.
MP[-3]
You lost 3 mp, and now have 20/23 mp.
Casting: Spider Form (dangerous; 22% risk of failure)
Confirm with . or Enter, or press ? or * to list all spells.
You turn into a venomous arachnid creature.
The +7 flail of Duty {venom, +Blink, mace} melds into your body.
Your +2 hat melds into your body.
Your +0 buckler melds into your body.
The +7 flail of Duty {venom, +Blink, mace} stops dripping with poison.
The efreet misses you.
MP[-3]
You lost 3 mp, and now have 17/23 mp.
You hit the efreet but do no damage.
The efreet is poisoned.
The efreet misses you.
You bite the efreet!
You hear a shout! x2
You hit the efreet but do no damage.
The efreet looks even sicker.
The efreet misses you.
You hit the efreet.
The efreet looks as sick as possible!
The efreet hits you with a +3 scimitar of flaming!
The efreet burns you.
HP[-10] MP[+1]
You take 10 damage, and now have 65/75 hp.
You bite the efreet!
You kill the efreet!
Sif Muna accepts your kill.
HP[+1]
You see here a +3 scimitar of flaming {long}.
You start resting.
Your magical contamination has completely faded away.
Your transformation is almost over.
A centaur warrior is nearby!
HP[+3] MP[+2]
You regained 3 hp, and now have 69/75 hp.
You regained 2 mp, and now have 20/23 mp.
Your transformation has ended.
The +7 flail of Duty {venom, +Blink, mace} unmelds from your body.
Your +2 hat unmelds from your body.
Your +0 buckler unmelds from your body.
The +7 flail of Duty {venom, +Blink, mace} begins to drip with poison!
The centaur warrior shouts!
The centaur warrior unwields a +5 demon trident of venom.
It stops dripping with poison.
The centaur warrior wields a +0 shortbow.
The centaur warrior shoots an arrow.
The arrow hits you!!
HP[-22] MP[+1]
You take 22 damage, and now have 47/75 hp.
MASSIVE DAMAGE!! (PAUSE)
Casting: Spider Form (dangerous; 22% risk of failure)
Confirm with . or Enter, or press ? or * to list all spells.
You turn into a creature of crystalline ice.
The +7 flail of Duty {venom, +Blink, mace} melds into your body.
Your +2 hat melds into your body.
Your +0 buckler melds into your body.
The +7 flail of Duty {venom, +Blink, mace} stops dripping with poison.
The centaur warrior unwields a +0 shortbow.
The centaur warrior wields a +5 demon trident of venom.
It begins to drip with poison!
The centaur warrior barely misses you. The centaur warrior kicks you.
HP[+7] MP[-4]
You now have 90 max hp (+15).
You regained 7 hp, and now have 54/90 hp.
You lost 4 mp, and now have 17/23 mp.
You hit the centaur warrior. You freeze the centaur warrior.
The centaur warrior hits you with a +5 demon trident of venom!
* * * LOW HITPOINT WARNING * * *
The centaur warrior kicks you but does no damage.
HP[-11]
You take 11 damage, and now have 43/90 hp.
You hit the centaur warrior. You freeze the centaur warrior.
The centaur warrior hits you with a +5 demon trident of venom!
* * * LOW HITPOINT WARNING * * *
The centaur warrior misses you.
The centaur warrior hits you with a +5 demon trident of venom!!
* * * LOW HITPOINT WARNING * * *
The centaur warrior kicks you but does no damage.
HP[-38]
You take 38 damage, and now have 5/90 hp.
MASSIVE DAMAGE!! (PAUSE)
You feel much better. The centaur warrior misses you.
The centaur warrior kicks you but does no damage.
HP[+21] MP[+1]
You regained 21 hp, and now have 26/90 hp.
You feel yourself speed up.
The centaur warrior hits you with a +5 demon trident of venom!
* * * LOW HITPOINT WARNING * * *
The centaur warrior kicks you but does no damage.
The centaur warrior hits you with a +5 demon trident of venom!!
You die...

Skill      XL: |  1  2  3  4  5  6  7  8  9 10 11 |
---------------+----------------------------------+-----
Stealth        | 1 2 3 4 5 |  5.0
Fighting       | 2 3 4 5 6 7 |  7.1
Unarmed Combat | 4 5 6 7 8 10 | 10.8
Dodging        | 3 4 5 6 7 |  7.5
Summonings     | 1 |  1.6
Ice Magic      | 2 4 5 6 |  6.1
Transmutations | 3 4 5 6 |  6.4
Shields        | |  0.5
Spellcasting   | |  2.0

Action                   |  1- 3 |  4- 6 |  7- 9 | 10-12 || total
-------------------------+-------+-------+-------+-------++-------
Melee: Unarmed           |    41 |   101 |   312 |   177 ||   631
       Kick              |    14 |     6 |       |       ||    20
       Constrict         |    10 |    26 |    18 |     1 ||    55
       Punch             |     2 |     3 |     6 |     1 ||    12
       Tentacles         |     6 |    18 |    20 |     1 ||    45
       Flail             |       |       |       |     4 ||     4
Throw: Dart              |       |       |     1 |     5 ||     6
 Cast: Beastly Appendage |    18 |     8 |     1 |       ||    27
       Spider Form       |       |     2 |    47 |    31 ||    80
       Summon Small Mamm |       |       |    43 |    14 ||    57
       Ice Form          |       |       |       |    11 ||    11
 Abil: End Transformatio |       |       |       |     1 ||     1
Evoke: Wand              |       |       |     1 |     5 ||     6
  Use: Scroll            |       |       |    11 |     2 ||    13
       Potion            |       |       |       |     7 ||     7
 Stab: Sleeping          |     5 |     6 |     6 |     2 ||    19
       Paralysed         |       |       |     1 |       ||     1
       Distracted        |       |       |     5 |       ||     5
Armor: Skin              |     4 |    14 |    62 |    25 ||   105
Dodge: Dodged            |    12 |    56 |   247 |   166 ||   481

Levels and vault maps discovered:
D:1:      lemuel_arrival_rhombus, layout_basic
D:2:      layout_basic, ebering_ecumenical_altar_mist, uniq_natasha
D:3:      layout_loops_ring, portal_sewer_entry_e, corner_web_ring,
          serial_bayou_lake_a, uniq_ijyb
D:4:      layout_cave_pods, trog_book, nicolae_ru_great_annihilating_truth,
          uniq_robin
D:5:      cheibrodos_fertilizer, layout_basic, lemuel_blue_sif_altar,
          feat_on_display
D:6:      layout_loops_ring, minmay_temple_entry_wispy, kennysheep_boxes,
          uniq_sigmund
D:7:      layout_basic, grunt_temple_overflow_growth_and_decay,
          mainiacjoe_overflow_paths, mainiacjoe_overflow_boulevard,
          mainiacjoe_overflow_alcove_4, gammafunk_temple_overflow_wave,
          enter_ossuary_3
D:8:      layout_rooms, mainiacjoe_overflow_surrounded_room,
          mainiacjoe_overflow_cross_hatched, nicolae_two_hexagons,
          uniq_prince_ribbit1, uniq_maurice, uniq_grum
D:9:      minmay_the_grid_triangle_9x9_recursive_2_mashed
          [minmay_the_grid_triangle_9x9_prize_center,
          minmay_the_grid_triangle_9x9_checkered,
          minmay_the_grid_triangle_9x9_from_above,
          minmay_the_grid_triangle_9x9_corruption], layout_cave_pods,
          serial_park, serial_park_avenue1, serial_park_tiny_2,
          serial_park_tiny_2, serial_park_tiny_2, grunt_ministairs_10
Temple:   jpeg_temple_island

Notes
Turn   | Place    | Note
-------+----------+-------------------------------------------
     0 | D:1      | zeratav the Octopode Transmuter began the quest for the
                  | Orb.
     0 | D:1      | Reached XP level 1. HP: 13/13 MP: 3/3
     0 | D:1      | magus.rc [v1.9.6]
   467 | D:1      | Reached XP level 2. HP: 16/18 MP: 3/5
   846 | D:2      | Reached skill level 1 in Stealth
   901 | D:2      | You pick up a book of Cantrips and begin reading...
   901 | D:2      | You add the spells Animate Skeleton, Summon Small Mammal
                  | and Apportation to your library.
  1142 | D:2      | Noticed Natasha
  1150 | D:2      | Killed Natasha
  1151 | D:2      | Reached XP level 3. HP: 10/23 MP: 6/6
  1474 | D:2      | Noticed Natasha
  1480 | D:2      | Killed Natasha
  1481 | D:2      | Reached skill level 2 in Stealth
  1481 | D:2      | Reached XP level 4. HP: 18/29 MP: 5/7
  1769 | D:2      | Found a faded altar of an unknown god.
  2075 | D:2      | Noticed Natasha
  2084 | D:2      | Killed Natasha
  2085 | D:2      | Reached skill level 2 in Fighting
  2085 | D:2      | Reached skill level 4 in Unarmed Combat
  2194 | D:3      | Reached XP level 5. HP: 19/34 MP: 8/8
  2433 | D:3      | Noticed Ijyb
  2797 | D:3      | Found a glowing drain.
  2810 | Sewer    | Entered a sewer
  2873 | Sewer    | Learned a level 3 spell: Spider Form
  2977 | Sewer    | Reached skill level 3 in Dodging
  2983 | Sewer    | Reached skill level 3 in Stealth
  3267 | Sewer    | Found a burning altar of Makhleb.
  3267 | Sewer    | Noticed a kobold brigand
  3353 | Sewer    | Killed a kobold brigand
  3354 | Sewer    | Reached XP level 6. HP: 31/41 MP: 9/9
  3541 | Sewer    | Reached skill level 3 in Fighting
  3541 | Sewer    | Reached skill level 5 in Unarmed Combat
  3680 | Sewer    | Noticed Grinder
  3768 | D:3      | Killed Ijyb
  3769 | D:3      | Reached skill level 4 in Stealth
  4250 | D:4      | Reached XP level 7. HP: 46/46 MP: 7/10
  4332 | D:4      | You pick up a book of the Tundra and begin reading...
  4332 | D:4      | You add the spells Hailstorm and Simulacrum to your
                  | library.
  4464 | D:4      | Learned a level 1 spell: Summon Small Mammal
  4618 | D:4      | Found a sacrificial altar of Ru.
  4769 | D:4      | Found a bloodstained altar of Trog.
  4934 | D:4      | Reached skill level 4 in Dodging
  4934 | D:4      | Reached skill level 1 in Summonings
  5102 | D:4      | Noticed Robin
  5128 | D:4      | Killed Robin
  5263 | D:4      | Reached skill level 5 in Stealth
  5263 | D:4      | Reached skill level 6 in Unarmed Combat
  5636 | D:5      | Entered Level 5 of the Dungeon
  5671 | D:5      | Reached XP level 8. HP: 54/54 MP: 11/11
  5912 | D:5      | Reached skill level 1 in Ice Magic
  6154 | D:5      | Reached skill level 4 in Fighting
  6339 | D:5      | Noticed a slime creature
  6339 | D:5      | Noticed a slime creature
  6339 | D:5      | Noticed a slime creature
  6629 | D:5      | Reached skill level 2 in Ice Magic
  6665 | D:5      | Reached skill level 3 in Transmutations
  6917 | D:5      | Reached skill level 5 in Dodging
  6917 | D:5      | Reached skill level 7 in Unarmed Combat
  7416 | D:5      | Found a shimmering blue altar of Sif Muna.
  7419 | D:5      | Became a worshipper of Sif Muna the Loreminder
  7506 | D:6      | Reached XP level 9. HP: 46/59 MP: 12/12
  7612 | D:6      | Learned a level 4 spell: Ice Form
  7873 | D:6      | Found a staircase to the Ecumenical Temple.
  7879 | Temple   | Entered the Ecumenical Temple
  8308 | D:6      | You pick up a book of Death and begin reading...
  8308 | D:6      | You add the spells Animate Dead, Haunt and Infestation to
                  | your library.
  8575 | D:6      | Reached skill level 3 in Ice Magic
  8760 | D:6      | Noticed Sigmund
  8936 | D:6      | Killed Sigmund
  8937 | D:6      | Reached skill level 5 in Fighting
  9309 | D:7      | Reached skill level 4 in Transmutations
  9639 | D:7      | Found a radiant altar of Vehumet.
  9666 | D:7      | Reached skill level 8 in Unarmed Combat
  9745 | D:7      | Found a sand-covered staircase.
  9766 | Ossuary  | Entered an ossuary
  9996 | D:7      | Found an ancient bone altar of Kikubaaqudgha.
  9999 | D:7      | Found a blossoming altar of Fedhas.
 10101 | D:7      | Reached * piety under Sif Muna
 10138 | D:7      | Found an ornate altar of the Wu Jian Council.
 10454 | D:7      | Found a snail-covered altar of Cheibriados.
 10454 | D:7      | Found a sparkling altar of Nemelex Xobeh.
 10477 | D:7      | Found a stormy altar of Qazlal.
 10508 | D:7      | Reached skill level 4 in Ice Magic
 10995 | D:8      | Found a broken altar of Ashenzari.
 10995 | D:8      | Noticed Prince Ribbit
 11013 | D:8      | Reached skill level 6 in Dodging
 11020 | D:8      | Reached XP level 10. HP: 66/68 MP: 13/13
 11153 | D:8      | Reached skill level 9 in Unarmed Combat
 11253 | D:8      | Reached skill level 5 in Transmutations
 11367 | D:8      | Identified the +7 flail of Duty {venom, +Blink}
 11376 | D:8      | Found a shadowy altar of Dithmenos.
 11394 | D:8      | Reached ** piety under Sif Muna
 11449 | D:8      | Noticed a gargoyle
 11455 | D:8      | Reached skill level 6 in Fighting
 11479 | D:8      | Killed a gargoyle
 11555 | D:8      | Killed Prince Ribbit
 11658 | D:8      | You pick up a book of Iron and begin reading...
 11658 | D:8      | You add the spells Blade Hands and Iron Shot to your
                  | library.
 11737 | D:8      | Noticed Maurice
 11772 | D:8      | Killed Maurice
 11813 | D:8      | Noticed Grum
 11837 | D:8      | Killed Grum
 11838 | D:8      | Reached skill level 5 in Ice Magic
 12362 | D:9      | You pick up a book of Winter and begin reading...
 12362 | D:9      | You add the spells Ozocubu's Armour and Metabolic
                  | Englaciation to your library.
 12539 | D:9      | Noticed a two-headed ogre
 12554 | D:9      | Killed a two-headed ogre
 12555 | D:9      | Reached skill level 7 in Dodging
 12555 | D:9      | Reached skill level 10 in Unarmed Combat
 12613 | D:9      | Noticed a guardian serpent
 12619 | D:9      | Noticed a five-headed hydra
 12621 | D:9      | Noticed a centaur warrior
 12628 | D:9      | Killed a guardian serpent
 12680 | D:9      | Reached XP level 11. HP: 56/74 MP: 14/14
 12710 | D:9      | Reached skill level 6 in Transmutations
 13424 | D:9      | Found a staircase to the Orcish Mines.
 13494 | D:9      | Reached skill level 7 in Fighting
 13838 | D:9      | Reached *** piety under Sif Muna
 14064 | D:9      | Reached skill level 6 in Ice Magic
 14594 | D:9      | HP: 5/90 [centaur warrior/+5 demon trident of venom (22)]
 14596 | D:9      | Slain by a centaur warrior

Vanquished Creatures
  A two-headed ogre (D:9)
  A guardian serpent (shapeshifter) (D:9)
  Maurice (D:8)
  A gargoyle (D:8)
  An efreet (D:9)
  A tengu conjurer (D:9)
  Prince Ribbit (D:8)
  A hornet (D:9)
  Sigmund (D:6)
  8 yaks
  A wraith (D:9)
  3 steam dragons
  Grum (D:8)
  A vampire mosquito (D:9)
  An acid dragon (D:9)
  3 water moccasins
  3 orc warriors
  A sky beast (D:5)
  A black bear (D:7)
  2 ogres
  2 necrophages
  2 wolves (D:8)
  4 centaurs
  A phantom (D:4)
  5 kobold brigands
  2 scorpions (D:5)
  A bullfrog (D:8)
  2 water moccasin skeletons
  6 killer bees (D:9)
  4 wights (D:9)
  3 howler monkeys
  5 electric eels (D:6)
  2 gnoll shamans
  A quasit (Sewer)
  2 bullfrog zombies
  2 centaur zombies
  3 hounds
  2 jellies
  2 orc priests (D:7)
  An iguana (D:5)
  Ijyb (D:3)
  Natasha (thrice) (D:2)
  7 orc wizards
  Robin (D:4)
  4 mummies (Ossuary)
  2 howler monkey zombies
  2 howler monkey skeletons
  11 gnolls
  5 adders
  A river rat (D:3)
  3 shadow imps (Sewer)
  3 ufetubi (Sewer)
  3 worms
  A dart slug (D:3)
  21 orcs
  7 ball pythons
  5 endoplasms
  4 giant cockroaches
  3 gnoll zombies (Ossuary)
  8 hobgoblins
  2 jackals (D:4)
  A quokka (D:2)
  3 frilled lizards
  14 goblins
  2 goblin zombies (Ossuary)
  A hobgoblin zombie (Ossuary)
  A jackal zombie (Ossuary)
  20 kobolds
  7 rats
  2 rat zombies (Ossuary)
234 creatures vanquished.

Vanquished Creatures (collateral kills)
  A human zombie (Ossuary)
  A hound zombie (Ossuary)
  An adder zombie (Ossuary)
  An adder skeleton (D:5)
4 creatures vanquished.

Vanquished Creatures (others)
  A yak (D:9)
  A centaur zombie (D:9)
  A killer bee zombie (D:9)
  A kobold zombie (Sewer)
  6 fungi (D:5)
  8 toadstools (D:5)
18 creatures vanquished.

Grand Total: 256 creatures vanquished

Table legend:
 A = Non-vault XP
 B = Vault XP
 C = Vault XP percentage of total XP
 D = Non-vault monster count
 E = Vault monster count
 F = Vault count percentage of total count
                 A         B        C        D         E       F
            +---------+---------+-------+---------+---------+-------
      Total |    8176 |    4342 |  34.7 |     150 |      88 |  37.0
            +---------+---------+-------+---------+---------+-------
        D:1 |      10 |       0 |   0.0 |       7 |       0 |   0.0
        D:2 |      96 |      36 |  27.3 |      15 |       1 |   6.2
        D:3 |      40 |      56 |  58.3 |      10 |       9 |  47.4
        D:4 |     507 |      91 |  15.2 |      19 |      17 |  47.2
        D:5 |     951 |     244 |  20.4 |      16 |       7 |  30.4
        D:6 |     645 |     231 |  26.4 |      12 |       1 |   7.7
        D:7 |     930 |       0 |   0.0 |      28 |       0 |   0.0
        D:8 |    1836 |    1161 |  38.7 |      17 |       5 |  22.7
        D:9 |    3161 |    2055 |  39.4 |      26 |      12 |  31.6
      Sewer |       0 |     320 | 100.0 |       0 |      20 | 100.0
    Ossuary |       0 |     148 | 100.0 |       0 |      16 | 100.0
            +---------+---------+-------+---------+---------+-------

Illustrated notes

Table legend:
 A = Kills in this place as a percentage of kills in entire the game.
 B = Kills by you in this place as a percentage of kills by you in the entire game.
 C = Kills by friends in this place as a percentage of kills by friends in the entire game.
 D = Other kills in this place as a percentage of other kills in the entire game.
 E = Experience gained in this place as a percentage of experience gained in the entire game.
 F = Experience gained in this place divided by the number of levels of this place that you have seen.
                   A       B       C       D       E      F
               +-------+-------+-------+-------+-------+----------------------
         Total | 100.0 | 100.0 | 100.0 | 100.0 | 100.0 | 1043.2
       Dungeon |  84.9 |  85.8 |  25.0 | 100.0 |  96.3 | 1338.9
         Sewer |   8.4 |   8.6 |   0.0 |   0.0 |   2.6 | 320.0
       Ossuary |   6.7 |   5.6 |  75.0 |   0.0 |   1.2 | 148.0
               +-------+-------+-------+-------+-------+----------------------

Table legend: (Time is in decaauts)
 A = Elapsed time spent in this place.
 B = Non-inter-level travel time spent in this place.
 C = Inter-level travel time spent in this place.
 D = Time resting spent in this place.
 E = Time spent auto-exploring this place.
 F = Levels seen in this place.
 G = Mean time per level.
                   A        B        C        D        E       F      G
               +--------+--------+--------+--------+--------+-----+--------+
         Total |  14503 |  12962 |   1541 |   4713 |   3186 |  12 | 1208.6 |
       Dungeon |  13001 |  11479 |   1522 |   4187 |   2796 |   9 | 1444.6 |
        Temple |    413 |    394 |     19 |      0 |    390 |   1 |  413.0 |
         Sewer |    882 |    882 |      0 |    526 |      0 |   1 |  882.0 |
       Ossuary |    205 |    205 |      0 |      0 |      0 |   1 |  205.0 |
               +--------+--------+--------+--------+--------+-----+--------+

Top non-repeatable levels by time:
     D:9: 2325 daAuts
     D:5: 1790 daAuts
     D:6: 1573 daAuts
     D:4: 1521 daAuts
     D:7: 1340 daAuts
     D:2: 1284 daAuts
     D:8: 1239 daAuts
     D:3: 1087 daAuts
   Sewer: 882 daAuts
     D:1: 839 daAuts
  Temple: 413 daAuts
 Ossuary: 205 daAuts
